General information
			
			
        
        - name: BNet
 
        - type: Ladder team game (AT/RT)
 
        - host: Battle.net
 
        - saver: AsianPresident
 
        
map: Battleground 
        - players: 8
 
        - length: 12:42
 
        - speed: Fast
 - version: 1.22 W3XP
 - replay type:  Public
 
» download(123 KB)
Players
        team 1 (loser) 
              
              
Mizar (
blue | 87 APM | 1102 actions | 12:36)
              
 3 Tauren Chieftain 
 2 Shockwave
 1 Endurance Aura
 
                » actions 
                
                | Assign group hotkey | 10 |  | 
| Basic commands | 42 |  | 
| Build / train | 35 |  | 
| ESC pressed | 3 |  | 
| Enter build submenu | 13 |  | 
| Enter hero's abilities submenu | 4 |  | 
| Give item / drop item | 2 |  | 
| Right click | 578 |  | 
| Select / deselect | 227 |  | 
| Select group hotkey | 133 |  | 
| Use ability | 55 |  | 
                1102 total
 » units 
                
                | Peon | 11 |  | 
| Grunt | 5 |  | 
| Dryad | 3 |  | 
| Hippogryph | 3 |  | 
                22 total
 » upgrades
                » buildings
                
                | Barracks | 1 |  | 
| Altar of Storms | 1 |  | 
| Orc Burrow | 4 |  | 
| Voodoo Lounge | 1 |  | 
| Stronghold | 1 |  | 
| War Mill | 1 |  | 
| Watch Tower | 2 |  | 
| Ancient of Wind | 2 |  | 
                13 total
 » build order
                00:10 Barracks
00:21 Altar of Storms
00:29 Orc Burrow
01:39 Orc Burrow
02:18 Voodoo Lounge
03:58 Stronghold
04:21 Orc Burrow
04:40 War Mill
06:37 Orc Burrow
06:39 Watch Tower
06:40 Watch Tower
10:31 Ancient of Wind
10:32 Ancient of Wind
» items
                
                | Healing Salve | 2 |  | 
| Scroll of Speed | 1 |  | 
| Lesser Clarity Potion | 1 |  | 
| Scroll of Regeneration | 1 |  | 
| Potion of Healing | 1 |  | 
| Scroll of Town Portal | 1 |  | 
                7 total
  
               
              
              
SparkOne (
green | 97 APM | 197 actions | 02:01)
              
                » actions 
                
                | Assign group hotkey | 3 |  | 
| Build / train | 13 |  | 
| Enter build submenu | 4 |  | 
| Remove unit from queue | 1 |  | 
| Right click | 140 |  | 
| Select / deselect | 20 |  | 
| Select group hotkey | 12 |  | 
| Use ability | 4 |  | 
                197 total
 » units 
                » buildings
                
                | Altar of Elders | 1 |  | 
| Moon Well | 1 |  | 
| Ancient of War | 1 |  | 
| Hunter's Hall | 1 |  | 
                4 total
 » build order
                00:05 Altar of Elders
00:20 Moon Well
01:47 Ancient of War
01:48 Hunter's Hall
 
               
              
              
tDk[lol] (
orange | 124 APM | 1564 actions | 12:38)
              
 3 Archmage 
 2 Summon Water Elemental
 1 Brilliance Aura
 2 Priestess of the Moon 
 1 Searing Arrows
 1 Trueshot Aura
 
                » actions 
                
                | Assign group hotkey | 98 |  | 
| Basic commands | 352 |  | 
| Build / train | 65 |  | 
| Enter build submenu | 25 |  | 
| Enter hero's abilities submenu | 5 |  | 
| Right click | 343 |  | 
| Select / deselect | 308 |  | 
| Select group hotkey | 296 |  | 
| Use ability | 72 |  | 
                1564 total
 » units 
                
                | Peasant | 13 |  | 
| Wisp | 2 |  | 
| Huntress | 16 |  | 
| Gryphon Rider | 3 |  | 
| Dragonhawk Rider | 2 |  | 
                36 total
 » upgrades
                
                | Masonry | 2 |  | 
| Lumber Harvesting | 1 |  | 
| Storm Hammers | 1 |  | 
                4 total
 » buildings
                
                | Altar of Kings | 1 |  | 
| Farm | 9 |  | 
| Lumber Mill | 1 |  | 
| Scout Tower | 3 |  | 
| Arcane Vault | 1 |  | 
| Arcane Tower | 1 |  | 
| Ancient of War | 1 |  | 
| Guard Tower | 6 |  | 
| Moon Well | 2 |  | 
| Keep | 2 |  | 
| Castle | 1 |  | 
| Tree of Ages | 1 |  | 
| Ancient Protector | 2 |  | 
| Gryphon Aviary | 2 |  | 
                33 total
 » build order
                00:07 Altar of Kings
00:23 Farm
01:04 Farm
01:13 Lumber Mill
01:24 Scout Tower
01:56 Arcane Vault
02:05 Arcane Tower
02:10 Scout Tower
02:26 Ancient of War
02:43 Scout Tower
02:44 Guard Tower
02:44 Guard Tower
03:06 Moon Well
03:33 Keep
03:33 Keep
03:35 Guard Tower
03:35 Guard Tower
03:36 Guard Tower
04:52 Moon Well
05:11 Farm
05:12 Farm
05:56 Castle
07:01 Tree of Ages
07:30 Ancient Protector
07:30 Ancient Protector
07:53 Gryphon Aviary
07:53 Gryphon Aviary
09:32 Farm
09:33 Farm
09:35 Farm
10:23 Farm
10:24 Farm
» items
                
                | Orb of Fire | 1 |  | 
| Potion of Healing | 1 |  | 
| Lesser Clarity Potion | 2 |  | 
| Scroll of Regeneration | 1 |  | 
                5 total
  
               
              
              
The_Dark_Flame (
teal | 93 APM | 1178 actions | 12:41)
              
 3 Death Knight 
 2 Death Coil
 1 Unholy Aura
 
                » actions 
                
                | Assign group hotkey | 29 |  | 
| Basic commands | 15 |  | 
| Build / train | 35 |  | 
| Enter build submenu | 18 |  | 
| Enter hero's abilities submenu | 3 |  | 
| Right click | 492 |  | 
| Select / deselect | 368 |  | 
| Select group hotkey | 159 |  | 
| Use ability | 59 |  | 
                1178 total
 » units 
                
                | Acolyte | 3 |  | 
| Ghoul | 3 |  | 
| Crypt Fiend | 11 |  | 
| Huntress | 1 |  | 
| Forest Troll Berserker | 1 |  | 
| Frost Wyrm | 1 |  | 
| Gargoyle | 1 |  | 
                21 total
 » upgrades
                » buildings
                
                | Graveyard | 1 |  | 
| Crypt | 1 |  | 
| Altar of Darkness | 1 |  | 
| Ziggurat | 5 |  | 
| Tomb of Relics | 1 |  | 
| Moon Well | 2 |  | 
| Ancient of War | 1 |  | 
| Nerubian Tower | 1 |  | 
| Halls of the Dead | 1 |  | 
| Black Citadel | 1 |  | 
| Sacrificial Pit | 1 |  | 
| Ancient of Lore | 2 |  | 
| Boneyard | 1 |  | 
                19 total
 » build order
                00:07 Graveyard
00:09 Crypt
00:37 Altar of Darkness
00:47 Ziggurat
01:24 Tomb of Relics
02:11 Moon Well
02:15 Ziggurat
02:27 Ancient of War
02:33 Nerubian Tower
03:56 Halls of the Dead
04:51 Ziggurat
05:20 Moon Well
07:10 Black Citadel
09:00 Sacrificial Pit
09:45 Ancient of Lore
09:46 Ancient of Lore
10:26 Boneyard
11:02 Ziggurat
11:04 Ziggurat
» items
                
                | Rod of Necromancy | 2 |  | 
| Potion of Healing | 1 |  | 
| Potion of Mana | 1 |  | 
| Dust of Appearance | 1 |  | 
| Scroll of Town Portal | 1 |  | 
                6 total
  
               team 2 (winner) 
              
              
» 
AsianPresident (
yellow | 127 APM | 1610 actions | 12:42)
              
 5 Paladin 
 3 Holy Light
 2 Devotion Aura
 
                » actions 
                
                | Assign group hotkey | 17 |  | 
| Basic commands | 126 |  | 
| Build / train | 42 |  | 
| Enter build submenu | 15 |  | 
| Enter hero's abilities submenu | 5 |  | 
| Right click | 785 |  | 
| Select / deselect | 313 |  | 
| Select group hotkey | 265 |  | 
| Use ability | 42 |  | 
                1610 total
 » units 
                
                | Peasant | 8 |  | 
| Rifleman | 12 |  | 
| Priest | 2 |  | 
                22 total
 » upgrades
                
                | Gunpowder | 1 |  | 
| Armor | 3 |  | 
| Long Rifles | 1 |  | 
| Priest Training | 2 |  | 
                7 total
 » buildings
                
                | Altar of Kings | 1 |  | 
| Farm | 5 |  | 
| Blacksmith | 1 |  | 
| Barracks | 1 |  | 
| Lumber Mill | 1 |  | 
| Arcane Vault | 1 |  | 
| Keep | 1 |  | 
| Castle | 1 |  | 
| Arcane Sanctum | 1 |  | 
                13 total
 » build order
                00:05 Altar of Kings
00:07 Farm
01:02 Blacksmith
01:16 Barracks
01:55 Farm
02:08 Lumber Mill
02:35 Farm
03:08 Arcane Vault
04:17 Keep
04:53 Farm
05:51 Farm
07:26 Castle
07:28 Arcane Sanctum
» items
                
                | Scroll of Regeneration | 1 |  | 
| Lesser Clarity Potion | 2 |  | 
| Potion of Mana | 2 |  | 
                5 total
  
               
              
              
» 
KNIFE]NOOBELF (
purple | 77 APM | 983 actions | 12:41)
              
 5 Goblin Tinker 
 3 Pocket Factory
 2 Engineering Upgrade
 
                » actions 
                
                | Assign group hotkey | 68 |  | 
| Basic commands | 22 |  | 
| Build / train | 33 |  | 
| ESC pressed | 1 |  | 
| Enter build submenu | 18 |  | 
| Enter hero's abilities submenu | 5 |  | 
| Right click | 503 |  | 
| Select / deselect | 141 |  | 
| Select group hotkey | 158 |  | 
| Use ability | 33 |  | 
                983 total
 » units 
                
                | Wisp | 11 |  | 
| Huntress | 8 |  | 
| Archer | 1 |  | 
| Forest Troll Berserker | 1 |  | 
| Chimaera | 2 |  | 
                23 total
 » upgrades
                » buildings
                
                | Altar of Elders | 3 |  | 
| Moon Well | 5 |  | 
| Hunter's Hall | 1 |  | 
| Ancient of War | 2 |  | 
| Tree of Ages | 1 |  | 
| Tree of Eternity | 1 |  | 
| Ancient of Wind | 1 |  | 
| Chimaera Roost | 2 |  | 
| Tree of Life | 2 |  | 
                18 total
 » build order
                00:10 Altar of Elders
00:20 Moon Well
00:27 Altar of Elders
01:27 Altar of Elders
01:44 Hunter's Hall
01:48 Ancient of War
01:49 Ancient of War
02:07 Moon Well
03:55 Moon Well
04:24 Tree of Ages
06:58 Tree of Eternity
08:46 Ancient of Wind
09:51 Chimaera Roost
09:51 Chimaera Roost
09:53 Moon Well
10:05 Moon Well
10:30 Tree of Life
10:42 Tree of Life
 
               
              
              
» 
lt_jimdangle (
pink | 96 APM | 1217 actions | 12:41)
              
 5 Keeper of the Grove 
 3 Entangling Roots
 2 Thorns Aura
 
                » actions 
                
                | Assign group hotkey | 20 |  | 
| Basic commands | 5 |  | 
| Build / train | 39 |  | 
| Enter build submenu | 16 |  | 
| Enter hero's abilities submenu | 5 |  | 
| Right click | 799 |  | 
| Select / deselect | 210 |  | 
| Select group hotkey | 71 |  | 
| Use ability | 52 |  | 
                1217 total
 » units 
                » upgrades
                
                | Ultravision | 1 |  | 
| Sentinel | 1 |  | 
| Abolish Magic | 1 |  | 
| Strength of the Wild | 1 |  | 
| Reinforced Hides | 1 |  | 
                5 total
 » buildings
                
                | Altar of Elders | 1 |  | 
| Moon Well | 7 |  | 
| Ancient of War | 2 |  | 
| Hunter's Hall | 1 |  | 
| Tree of Ages | 1 |  | 
| Ancient of Wonders | 1 |  | 
| Ancient of Lore | 2 |  | 
                15 total
 » build order
                00:15 Altar of Elders
00:18 Moon Well
01:47 Ancient of War
01:59 Ancient of War
02:03 Hunter's Hall
02:24 Moon Well
03:34 Moon Well
04:21 Tree of Ages
04:35 Moon Well
06:42 Moon Well
07:31 Ancient of Wonders
07:40 Ancient of Lore
07:42 Ancient of Lore
08:37 Moon Well
09:33 Moon Well
» items
                
                | Moonstone | 1 |  | 
| Staff of Preservation | 1 |  | 
| Potion of Healing | 1 |  | 
                3 total
  
               
              
              
marcus)fenix (
red | 52 APM | 660 actions | 12:41)
              
 4 Mountain King 
 2 Storm Bolt
 2 Bash
 2 Paladin 
 1 Holy Light
 1 Divine Shield
 
                » actions 
                
                | Basic commands | 6 |  | 
| Build / train | 53 |  | 
| Enter build submenu | 16 |  | 
| Enter hero's abilities submenu | 6 |  | 
| Give item / drop item | 1 |  | 
| Right click | 341 |  | 
| Select / deselect | 199 |  | 
| Use ability | 38 |  | 
                660 total
 » units 
                
                | Peasant | 16 |  | 
| Footman | 6 |  | 
| Gryphon Rider | 6 |  | 
                28 total
 » upgrades
                
                | Lumber Harvesting | 2 |  | 
| Storm Hammers | 1 |  | 
| Swords | 3 |  | 
| Animal War Training | 1 |  | 
                7 total
 » buildings
                
                | Altar of Kings | 1 |  | 
| Farm | 8 |  | 
| Barracks | 1 |  | 
| Lumber Mill | 1 |  | 
| Scout Tower | 1 |  | 
| Arcane Tower | 1 |  | 
| Arcane Vault | 1 |  | 
| Keep | 2 |  | 
| Castle | 1 |  | 
| Gryphon Aviary | 2 |  | 
| Blacksmith | 1 |  | 
                20 total
 » build order
                00:07 Altar of Kings
00:11 Farm
00:20 Farm
00:50 Barracks
01:12 Lumber Mill
01:35 Scout Tower
02:02 Arcane Tower
02:16 Farm
02:41 Arcane Vault
03:07 Keep
03:07 Keep
03:58 Farm
04:10 Farm
05:29 Castle
05:34 Gryphon Aviary
05:55 Gryphon Aviary
06:05 Blacksmith
08:03 Farm
08:44 Farm
09:22 Farm
» items
                
                | Scroll of Regeneration | 1 |  | 
| Lesser Clarity Potion | 1 |  | 
                2 total
  
                Chat log
          (00:09 / Allies) AsianPresident: listening to jazz
(00:12 / Allies) AsianPresident: while I play
(00:13 / Allies) AsianPresident: amazing
(01:02 / Allies) KNIFE]NOOBELF: lets play the 30-0 team
(01:13 / Allies) AsianPresident: u crazy
(01:21 / Allies) lt_jimdangle: altar knife?
(01:22 / Allies) KNIFE]NOOBELF: i played like 10games on it
(01:31 / Allies) AsianPresident: what acct
(01:33 / Allies) AsianPresident: u play
(01:33 / Allies) lt_jimdangle: i got keepe
(01:34 / Allies) lt_jimdangle: o
(01:37 / Allies) KNIFE]NOOBELF: jonasbros
(01:40 / Allies) AsianPresident: ahahaha
(01:41 / Allies) AsianPresident: ahahah
(02:01 / All) Mizar: oaml
(02:10 / All) AsianPresident: U like that?
(03:18 / All) KNIFE]NOOBELF: fag
(04:09 / Allies) AsianPresident: pally rifle so good
(04:13 / Allies) KNIFE]NOOBELF: sounds like mikes losing
(04:24 / Allies) AsianPresident: :)
(04:27 / Allies) lt_jimdangle: they vs good lone players i guess
(04:36 / Allies) AsianPresident: cant beat
(04:38 / Allies) AsianPresident: lone's a-team
(04:52 / Allies) lt_jimdangle: pencil?
(04:53 / Allies) lt_jimdangle: fly?
(04:56 / Allies) KNIFE]NOOBELF: no
(05:00 / Allies) KNIFE]NOOBELF: hydro
(05:13 / Allies) KNIFE]NOOBELF: i didnt hear others
(05:30 / Allies) KNIFE]NOOBELF: i hear roger
(05:32 / Allies) AsianPresident: yo we might be int rouble
(05:33 / Allies) KNIFE]NOOBELF: smile
(05:39 / Allies) AsianPresident: huntafiend
(05:41 / Allies) AsianPresident: up top
(06:18 / Allies) marcus)fenix: tp?
(06:20 / Allies) AsianPresident: 3
(06:23 / Allies) AsianPresident: 2
(06:28 / Allies) AsianPresident: 1
(06:43 / Allies) KNIFE]NOOBELF: we won
(07:11 / Allies) KNIFE]NOOBELF: tinker rape
(08:17 / All) AsianPresident: teal ur bad
(08:32 / Allies) KNIFE]NOOBELF: gj
(08:33 / All) KNIFE]NOOBELF: !
(08:38 / All) AsianPresident: ur bad
(09:00 / Allies) marcus)fenix: stats mizar
(09:14 / Allies) AsianPresident: 7-1 rt dang
(09:29 / All) KNIFE]NOOBELF: any of you heard of me?
(09:32 / All) KNIFE]NOOBELF: just curious
(09:42 / All) lt_jimdangle: hes kind of a big deal
(10:16 / Allies) AsianPresident: my rifle micro
(10:17 / Allies) AsianPresident: so good
(10:58 / Allies) KNIFE]NOOBELF: push red
(11:24 / Allies) AsianPresident: dk
(11:25 / Allies) KNIFE]NOOBELF: shit
(12:03 / All) AsianPresident: rofl
(12:04 / All) KNIFE]NOOBELF: gg